 Dungeon Crawl Stone Soup version 0.28.0 (webtiles) character file.

Game seed: 6086682324645912725

8 freelancePsychic the Sneak (level 2, -5/19 HPs)
             Began as a Kobold Delver on Feb 4, 2022.
             Slain by an orc (8 damage)
             ... on level 4 of the Dungeon.
             The game lasted 00:01:19 (106 turns).

freelancePsychic the Sneak (Kobold Delver)           Turns: 106, Time: 00:01:20

Health: -5/19      AC:  3    Str:  9    XL:     2   Next: 15%
Magic:  2/2        EV: 14    Int: 11    God:
Gold:   0          SH:  0    Dex: 16    Spells: 1/1 levels left

rFire   . . .      SeeInvis .   a - +0 short sword
rCold   . . .      Faith    .   (no shield)
rNeg    . . .      Spirit   .   b - +0 leather armour
rPois   .          Reflect  .   (no helmet)
rElec   .          Harm     .   (no cloak)
rCorr   .          Rampage  .   (no gloves)
Will    .....                   (no boots)
Stlth   ++++......              (no amulet)
HPRegen 0.06/turn               (no ring)
MPRegen 0.08/turn               (no ring)

@: no status effects
A: small, no large weapons, nightstalker 3
a: no special abilities


You were on level 4 of the Dungeon.
You visited 1 branch of the dungeon, and saw 2 of its levels.

Inventory:

Hand Weapons
 a - a +0 short sword (weapon)
Armour
 b - a +0 leather armour (worn)
Wands
 g - a wand of digging (3)
Scrolls
 c - a scroll of fog
 d - a scroll of immolation {unknown}


   Skills:
 + Level 3.4 Fighting
 + Level 3.0 Short Blades
 - Level 2.6 Dodging
 + Level 6.7 Stealth


You had one spell level left.
You didn't know any spells.
Your spell library was empty.

Dungeon Overview and Level Annotations

Branches:
Dungeon (5/15)             Temple (0/1) D:5

Altars:

Shops:
D:4 :


Innate Abilities, Weirdness & Mutations

You are small and have problems with some larger weapons.
You are completely attuned to the shadows.


Message History

You see here a +0 short sword.
Your extra speed is starting to run out.
An iguana comes into view.
A bullfrog zombie comes into view.
The iguana hisses angrily.
The iguana misses you.
You hit the iguana but do no damage.
You feel yourself slow down.
As you read the scroll of fear, it crumbles to dust.
You assume a fearsome visage.
The iguana looks frightened!
The bullfrog zombie is unaffected.
The bullfrog zombie closely misses you.
Unknown command.
The bullfrog zombie barely misses you. The bullfrog zombie closely misses you.
The bullfrog zombie hits you.
An orc warrior comes into view. It is wielding a +0 scimitar.
Found a stone staircase leading up.
The bullfrog zombie completely misses you.
An orc comes into view. It is wielding a +0 whip.
The bullfrog zombie misses you.
There is a stone staircase leading up here.
The bullfrog zombie hits you but does no damage.
The orc hits you with a +0 falchion.
* * * LOW HITPOINT WARNING * * *
You climb upwards.
Found Osemeg's Book Boutique.
Found a stone staircase leading up.
There is a stone staircase leading down here.
Found 18 gold pieces.
There is an entrance to Osemeg's Book Boutique here.
The helpless ball python fails to defend itself.
You impale the ball python!!
You kill the ball python!
Okay, then.
You aren't carrying any potions.
Okay, then.
Okay, then.
There is a stone staircase leading up here.
Found 7 gold pieces.
The orc hits you with a +0 falchion!
You die...

.# ####.#
#....
##.#.###
#.8.@.8#
....o..###
$#..<....#
#.......###
..8...∩...8#
#.$..†.....#
###.....>..#
#........#
###.8...8#


You could see an orc.

Vanquished Creatures
  An ufetubus (D:5)
  An orc (D:5)
  A ball python (D:4)
3 creatures vanquished.

Notes
Turn   | Place    | Note
-------+----------+-------------------------------------------
     0 | D:5      | freelancePsychic the Kobold Delver began the quest for the
                  | Orb.
     0 | D:5      | Reached XP level 1. HP: 14/14 MP: 1/1
    50 | D:5      | Reached XP level 2. HP: 10/19 MP: 2/2
    91 | D:5      | Noticed an orc warrior
    99 | D:4      | Found Osemeg's Book Boutique.
   106 | D:4      | Slain by an orc

Illustrated notes

Levels and vault maps discovered:
D:4:      layout_rooms, mainiacjoe_overflow_cross_hatched,
          nemelex_spade_bored_becter, nicolae_stop_n_shop_1
D:5:      layout_rooms, bloody_trog, minmay_temple_entry_tees,
          nicolae_ossuary_entry_catacombs, serial_park_tiny_2,
          minmay_manual_mares, uniq_blork_the_orc

Skill      XL: |  1 |
---------------+----+-----
Short Blades   | 3 |  3.0
Fighting       | |  3.4
Dodging        | |  2.6
Stealth        | |  6.7

Action                   || total
-------------------------++-------
Melee: Short sword       ||    10
  Use: Scroll            ||     2
       Potion            ||     1
 Stab: Sleeping          ||     2
Armor: Leather armour    ||     2
Dodge: Dodged            ||    16
